 Dungeon Crawl Stone Soup version 0.27-a0-1182-gee19b5822f (webtiles) character file.

Game seed: 8468871339110832898

46 Ijustatesigmund the Chopper (level 3, 0/33 HPs)
             Began as a Hill Orc Fighter on May 18, 2021.
             Slain by a centaur (5 damage)
             ... on level 2 of the Dungeon.
             The game lasted 00:01:10 (1022 turns).

Ijustatesigmund the Chopper (Hill Orc Fighter)      Turns: 1022, Time: 00:01:10

Health: 0/33       AC:  6    Str: 18    XL:     3   Next: 66%
Magic:  3/3        EV:  7    Int:  8    God:
Gold:   52         SH:  9    Dex: 11    Spells: 2/2 levels left

rFire    . . .     SeeInvis .   a - +0 war axe
rCold    . . .     Faith    .   c - +0 kite shield
rNeg     . . .     Spirit   .   b - +0 scale mail
rPois    .         Reflect  .   (no helmet)
rElec    .         Harm     .   (no cloak)
rCorr    .         Rampage  .   (no gloves)
Will     .....                  (no boots)
Stlth    ..........             (no amulet)
HPRegen  0.11/turn              (no ring)
MPRegen  0.08/turn              (no ring)

@: no status effects
A: no striking features
a: no special abilities


You were on level 2 of the Dungeon.
You visited 1 branch of the dungeon, and saw 2 of its levels.

You collected 52 gold pieces.

Inventory:

Hand Weapons
 a - a +0 war axe (weapon)
Armour
 b - a +0 scale mail (worn)
 c - a +0 kite shield (worn)
Jewellery
 i - a ring of positive energy
Scrolls
 e - 3 scrolls of identify {unknown}
 g - a scroll of vulnerability {unknown}
Potions
 d - a potion of might
 f - a potion of haste {unknown}
 h - 2 potions of attraction {unknown}


   Skills:
 + Level 4.3 Fighting
 * Level 4.5 Axes
 - Level 3.2 Armour
 - Level 3.2 Shields


You had 2 spell levels left.
You didn't know any spells.
Your spell library was empty.

Dungeon Overview and Level Annotations

Branches:
Dungeon (2/15)

Altars:


Message History

You kill the goblin!
No target in view!
No target in view!
Things that are here:
a +0 club; a goblin corpse A centaur comes into view.
The centaur wields a +0 shortbow.
The centaur shoots an arrow.
The arrow hits you!
You start resting.
A centaur is nearby!
The centaur shoots an arrow.
The arrow hits you.
You are too injured to fight recklessly!
You are too injured to fight recklessly!
You are too injured to fight recklessly!
You are too injured to fight recklessly!
You are too injured to fight recklessly!
You are too injured to fight recklessly!
You are too injured to fight recklessly!
You are too injured to fight recklessly!
You hit the centaur.
The centaur is lightly wounded.
The centaur unwields a +0 shortbow.
You block the centaur's attack. The centaur closely misses you.
The centaur barely misses you. You block the centaur's attack.
You hit the centaur but do no damage.
The centaur is lightly wounded.
You block the centaur's attack. x2; The centaur hits you.
The centaur kicks you.
You hit the centaur.
The centaur is moderately wounded.
The centaur hits you.
* * * LOW HITPOINT WARNING * * *
The centaur kicks you.
* * * LOW HITPOINT WARNING * * *
The centaur hits you.
* * * LOW HITPOINT WARNING * * *
You block the centaur's attack.
You hit the centaur.
The centaur is moderately wounded.
The centaur hits you.
You die...

#.....<..#####
##.####.......#
#<...#........##########
...............'........#
#.....#........###...##.#
#######.)......#
#...##.## #...######
#.).##..# ###.# #######.#
#@# #######.# ......c..+
+........ #.#.#...##
########' ##### #... #...
######... #........
#.......# #.......#


You could see a centaur.

Vanquished Creatures
  Jessica (D:2)
  8 endoplasms
  2 giant cockroaches
  A goblin (D:2)
  A hobgoblin (D:1)
  A ball python (D:1)
  A bat (D:1)
  A frilled lizard (D:1)
  2 kobolds
18 creatures vanquished.

Notes
Turn   | Place    | Note
-------+----------+-------------------------------------------
     0 | D:1      | Ijustatesigmund the Hill Orc Fighter began the quest for
                  | the Orb.
     0 | D:1      | Reached XP level 1. HP: 19/19 MP: 1/1
   195 | D:1      | Reached XP level 2. HP: 26/27 MP: 2/2
   471 | D:1      | Found a faded altar of an unknown god.
   750 | D:2      | Noticed Jessica
   756 | D:2      | Killed Jessica
   757 | D:2      | Reached XP level 3. HP: 28/33 MP: 3/3
  1014 | D:2      | Noticed a centaur
  1022 | D:2      | Slain by a centaur

Illustrated notes

Levels and vault maps discovered:
D:1:      evilmike_arrival_home_sweet_home, layout_basic,
          hellmonk_ecumenical_altar_heavens_door, amethyst_killhole
D:2:      layout_basic, uniq_jessica, uniq_crazy_yiuf_cottage

Skill      XL: |  1  2 |
---------------+-------+-----
Axes           | 3 4 |  4.5
Fighting       | 4 |  4.3
Armour         | |  3.2
Shields        | |  3.2

Action                   || total
-------------------------++-------
Melee: War axe           ||    38
Armor: Scale mail        ||    16
Dodge: Dodged            ||    11
Block: Kite shield       ||    18

Table legend: (Time is in decaauts)
 A = Elapsed time spent in this place.
 B = Non-inter-level travel time spent in this place.
 C = Inter-level travel time spent in this place.
 D = Time resting spent in this place.
 E = Time spent auto-exploring this place.
 F = Levels seen in this place.
 G = Mean time per level.
                   A        B        C        D        E       F      G
               +--------+--------+--------+--------+--------+-----+--------+
         Total |   1042 |   1032 |     10 |      3 |    914 |   2 |  521.0 |
       Dungeon |   1042 |   1032 |     10 |      3 |    914 |   2 |  521.0 |
               +--------+--------+--------+--------+--------+-----+--------+

Top non-repeatable levels by time:
     D:1: 676 daAuts
     D:2: 366 daAuts
